AoeStats
← Daniel2112

Fortress

510193247Analyzed
4v4 RM · 3d ago on Sep 29, 2026· 62m 34s· 8 players
Game mode
Random Map
Map size
Huge
Population
200
Speed
Normal
Resources
Standard
Victory
Conquest
Starting age
Dark Age
Ending age
Imperial Age
RankedLock teamsTeams togetherTeam positionsShared explorationLock speedFull tech treeHidden civsTurbo modeCheats
Victory
Defeat
🇨🇱 Poles · Chile
927
+17
🇩🇪 Vikings · Germany
926
+17
🇬🇧 Britons · United Kingdom
911
+18
🇱🇺 Saxons · Luxembourg
872
+21
🇨🇱 Poles · Chile
997
-54
🇧🇷 Vikings · Brazil
977
-19
🇧🇷 Berbers · Brazil
972
-19
🇨🇱 Vikings · Chile
880
-15
Guppy
9:23 Feudal Age
10:20 Double-Bit Axe
10:18 Horse Collar
11:07 Loom
15:46 Castle Age
14:40 Stone Mining
14:45 Gold Mining
18:25 Bow Saw
18:18 Heavy Plow
21:52 Gold Shaft Mining
24:53 Imperial Age
24:47 Caravan
25:20 Scale Barding Armor
25:17 Scale Mail Armor
25:27 Forging
25:08 Fletching
25:23 Squires
25:08 Arson
25:25 Treadmill Crane
25:56 Fortified Wall
25:56 Masonry
27:09 Two-Man Saw
27:17 Crop Rotation
27:53 Conscription
28:01 Chain Mail Armor
28:21 Iron Casting
27:41 Bodkin Arrow
29:35 Plate Mail Armor
29:32 Bodkin Arrow
30:22 Chieftains
33:10 Chemistry
32:31 Ballistics
32:16 Siege Engineers
32:42 Architecture
33:22 Blast Furnace
32:23 Bracer
32:17 Elite Varangian Guard
47:23 Padded Archer Armor
48:40 Leather Archer Armor
48:29 Elite Skirmisher
50:30 Ring Archer Armor
lil_luzツ
7:22 Feudal Age
8:03 Double-Bit Axe
8:00 Horse Collar
12:27 Castle Age
13:23 Bow Saw
15:31 Heavy Plow
20:00 Fletching
20:50 Bodkin Arrow
23:05 Ballistics
27:14 Fortified Wall
26:47 Treadmill Crane
32:18 Imperial Age
30:22 Padded Archer Armor
31:05 Murder Holes
31:21 Masonry
33:23 Conscription
33:36 Bracer
33:52 Leather Archer Armor
34:59 Chemistry
34:20 Guard Tower
36:51 Ring Archer Armor
36:31 Forging
36:22 Scale Mail Armor
36:35 Gold Mining
38:00 Two-Man Saw
38:15 Pikeman
38:56 Squires
38:41 Arson
40:39 Elite Varangian Guard
41:58 Iron Casting
41:38 Chain Mail Armor
41:03 Elite Skirmisher
47:04 Caravan
46:38 Halberdier
50:02 Onager
61:41 Keep
Maldotroid
9:22 Feudal Age
7:38 Loom
10:42 Double-Bit Axe
14:22 Castle Age
13:13 Wheelbarrow
12:26 Horse Collar
15:17 Szlachta Privileges
16:12 Bloodlines
16:10 Scale Barding Armor
27:00 Imperial Age
24:29 Gold Mining
24:57 Bow Saw
25:12 Forging
25:39 Heavy Plow
26:00 Husbandry
26:26 Fervor
27:55 Hand Cart
27:28 Town Watch
28:04 Conscription
27:45 Stone Mining
27:53 Light Cavalry
28:45 Cavalier
29:48 Chain Barding Armor
30:06 Fortified Wall
30:41 Iron Casting
33:26 Blast Furnace
32:45 Town Patrol
35:20 Chemistry
34:32 Masonry
35:54 Fletching
38:06 Bombard Tower
39:23 Caravan
42:28 Winged Hussar
43:38 Siege Engineers
44:55 Lechitic Legacy
45:12 Hoardings
47:20 Bodkin Arrow
47:24 Murder Holes
47:10 Treadmill Crane
47:52 Ballistics
Horahlooks
7:28 Feudal Age
13:20 Castle Age
11:26 Double-Bit Axe
11:25 Horse Collar
14:14 Bow Saw
17:19 Wheelbarrow
16:33 Loom
17:48 Fletching
20:38 Town Watch
24:25 Heavy Plow
28:26 Imperial Age
26:48 Hand Cart
27:18 Bodkin Arrow
27:23 Padded Archer Armor
28:37 Fortified Wall
28:52 Ballistics
29:59 Bracer
30:09 Gold Mining
30:11 Stone Mining
30:53 Conscription
31:42 Chemistry
30:54 Masonry
30:40 Murder Holes
30:30 Treadmill Crane
32:43 Gold Shaft Mining
32:39 Yeomen
32:56 Pikeman
34:54 Two-Man Saw
33:32 Elite Longbowman
34:49 Scale Mail Armor
34:59 Forging
35:05 Leather Archer Armor
35:21 Halberdier
37:14 Warwolf
38:08 Chain Mail Armor
38:29 Iron Casting
38:24 Ring Archer Armor
39:31 Caravan
39:53 Siege Engineers
40:19 Architecture
40:51 Plate Mail Armor
48:41 Guilds
49:03 Coinage
Sir Tom the Tall
5:30 Loom
8:17 Feudal Age
9:12 Double-Bit Axe
9:09 Horse Collar
9:23 Gold Mining
17:20 Castle Age
15:06 Man-at-Arms
15:32 Arson
15:53 Padded Archer Armor
15:54 Scale Mail Armor
16:05 Forging
16:44 Town Watch
18:13 Chieftains
18:20 Heavy Plow
23:27 Bow Saw
23:48 Crossbowman
26:40 Gold Shaft Mining
25:57 Stone Mining
27:00 Pikeman
27:41 Squires
32:27 Imperial Age
32:09 Leather Archer Armor
32:30 Town Patrol
33:39 Conscription
34:19 Crop Rotation
36:49 Ring Archer Armor
36:35 Chain Mail Armor
36:56 Iron Casting
40:53 Blast Furnace
40:24 Plate Mail Armor
44:45 Elite Berserk
46:02 Hoardings
45:44 Murder Holes
46:50 Chemistry
51:28 Caravan
54:52 Elite Varangian Guard
Daniel2112
8:31 Feudal Age
9:48 Wheelbarrow
9:01 Double-Bit Axe
13:35 Castle Age
14:24 Szlachta Privileges
15:03 Bow Saw
15:15 Squires
18:34 Horse Collar
19:14 Hand Cart
18:45 Town Watch
21:02 Heavy Plow
20:57 Gold Mining
26:27 Imperial Age
24:29 Town Patrol
26:46 Husbandry
26:31 Cavalier
27:39 Scale Barding Armor
27:45 Forging
28:11 Scale Mail Armor
27:34 Pikeman
29:09 Chain Barding Armor
29:17 Stone Mining
30:48 Iron Casting
31:11 Stone Shaft Mining
33:16 Blast Furnace
32:07 Fletching
39:38 Chemistry
38:59 Ballistics
40:20 Crop Rotation
40:18 Chain Mail Armor
45:23 Bodkin Arrow
45:59 Plate Mail Armor
58:01 Bracer
58:02 Murder Holes
PolloDeSwesao
5:30 Loom
8:04 Feudal Age
8:38 Double-Bit Axe
8:36 Horse Collar
11:49 Gold Mining
13:49 Fletching
17:30 Castle Age
16:04 Padded Archer Armor
17:08 Forging
18:49 Bodkin Arrow
18:16 Crossbowman
20:37 Leather Archer Armor
20:26 Scale Mail Armor
22:08 Heavy Plow
22:50 Iron Casting
22:48 Squires
23:45 Ballistics
24:32 Treadmill Crane
26:15 Chain Mail Armor
27:36 Pikeman
36:38 Imperial Age
35:11 Scale Barding Armor
34:59 Elite Skirmisher
37:26 Capped Ram
38:54 Bracer
39:24 Ring Archer Armor
41:05 Arbalester
43:04 Bow Saw
45:03 Blast Furnace
44:34 Plate Mail Armor
47:18 Chemistry
46:32 Heavy Scorpion
48:32 Conscription
52:13 Chieftains
56:31 Elite Varangian Guard
Yes
8:32 Feudal Age
8:01 Loom
12:03 Castle Age
10:49 Double-Bit Axe
13:15 Bow Saw
13:23 Bloodlines
14:37 Horse Collar
17:30 Kasbah
17:22 Light Cavalry
19:36 Padded Archer Armor
21:33 Husbandry
22:43 Fletching
24:29 Gold Mining
26:12 Ballistics
26:52 Wheelbarrow
27:03 Heavy Plow
28:14 Bodkin Arrow
28:33 Scale Barding Armor
29:24 Hand Cart
28:58 Town Watch
29:07 Loom
29:41 Leather Archer Armor
30:30 Forging
30:41 Chain Barding Armor
34:56 Imperial Age
33:20 Iron Casting
34:20 Town Patrol
35:47 Bracer
36:17 Ring Archer Armor
35:23 Hussar
38:11 Blast Furnace
37:36 Elite Camel Archer
40:10 Chemistry
39:58 Stone Mining
42:17 Cavalier
44:42 Plate Barding Armor
Connection lost

Rejoining the realm…

Still unreachable

The connection could not be restored.

Session expired

The server has moved on; the page needs a fresh start.